Hartford Whalers vs Vancouver Canucks
Created - Wednesday, May 24, 2023 at 07:05
Goals
|
| Hartford Whalers |
0 |
2 |
0 |
0 |
1 |
3 |
| Vancouver Canucks |
1 |
1 |
0 |
0 |
0 |
2 |
|
Shots
|
| Hartford Whalers |
10 |
14 |
10 |
5 |
3 |
39 |
| Vancouver Canucks |
15 |
10 |
11 |
0 |
3 |
36 |
|
1st period
1. Vancouver Canucks , Alex Formenton 9 (Taylor Raddysh 5, Jacob Bryson 3) at 15:34
Penalties :
Jesperi Kotkaniemi (VAN) for Hooking (Minor) at 3:58, Haydn Fleury (HFD) for Roughing (Minor) at 17:48
2nd period
2. Hartford Whalers , Brett Howden 7 (Kevin Labanc 11, Torey Krug 18) at 10:19
3. Vancouver Canucks , Adam Boqvist 2 (Kasperi Kapanen 10, Alex Formenton 14) at 12:31 (PP)
4. Hartford Whalers , Alexis Lafreniere 18 (Paul Byron 12, Casey Cizikas 15) at 15:21
Penalties :
Casey Cizikas (HFD) for Tripping (Minor) at 2:06, Robby Fabbri (VAN) for Interference (Minor) at 8:07, Torey Krug (HFD) for Roughing (Minor) at 12:18, Mikko Rantanen (VAN) for Roughing (Minor) at 12:38
3rd period
No Goal
Penalties :
Noah Hanifin (VAN) for Cross-checking (Minor) at 2:48, Aleksander Barkov (VAN) for Hooking (Minor) at 6:41, Haydn Fleury (HFD) for Hooking (Minor) at 10:31
Overtime #1
No Goal
Penalties :
No Penalty
Shootout
Hartford Whalers, Joshua Norris - Stopped by Ville Husso
Vancouver Canucks, Aleksander Barkov - Stopped by Anton Forsberg
Hartford Whalers, Taylor Hall - Shot Misses the Net
Vancouver Canucks, Mikko Rantanen - Stopped by Anton Forsberg
Hartford Whalers, Alexander Wennberg - Goal!
Vancouver Canucks, Kasperi Kapanen - Stopped by Anton Forsberg
Penalties :
No Penalty
Goalie Stats
Anton Forsberg (HFD), 34 saves from 36 shots - (0.944), W, 19-9-2, 65:00 minutes
Ville Husso (VAN), 37 saves from 39 shots - (0.949), OTL, 14-9-4, 65:00 minutes
Players Stats for Hartford Whalers
Player Name G A P +/- PIM S H SB GA TA FO MP PP MP PK MP
------------------------------------------------------------------------------------
Alec Martinez 0 0 0 1 0 1 0 2 0 0 0/0 24:12 4:44 2:52
Alexander Wennberg 0 0 0 0 0 1 2 1 0 1 6/19 20:58 4:36 3:07
Alexis Lafreniere 1 0 1 1 0 5 3 1 0 0 0/0 13:52 1:55 0:17
Brett Howden 1 0 1 0 0 5 2 0 0 0 0/0 11:37 0:58 0:25
Casey Cizikas 0 1 1 1 2 2 1 0 0 0 8/12 18:53 2:46 0:00
Eetu Luostarinen 0 0 0 0 0 1 0 0 0 0 3/4 12:38 0:00 1:00
Haydn Fleury 0 0 0 0 4 1 2 1 0 0 0/0 14:15 0:00 0:13
Jaccob Slavin 0 0 0 0 0 1 0 0 0 0 0/0 26:04 5:01 3:18
Josh Anderson 0 0 0 0 0 2 3 0 1 0 0/0 17:08 4:55 0:00
Joshua Norris 0 0 0 0 0 5 4 0 0 1 15/27 22:32 4:26 2:46
Kevin Labanc 0 1 1 0 0 1 0 0 0 0 0/0 8:54 0:07 0:00
Marcus Foligno 0 0 0 0 0 1 0 0 0 0 0/0 8:36 0:59 1:59
Michael Raffl 0 0 0 0 0 1 4 0 0 1 0/2 16:05 4:36 0:00
Paul Byron 0 1 1 1 0 3 0 0 1 0 0/1 9:53 0:00 0:00
Taylor Hall 0 0 0 0 0 6 1 0 0 0 2/2 22:36 4:27 2:46
Thomas Chabot 0 0 0 0 0 1 1 1 0 1 0/0 26:28 5:11 3:18
Torey Krug 0 1 1 1 2 1 1 2 2 0 0/0 23:58 4:44 2:39
Trevor van Riemsdyk 0 0 0 0 0 1 1 2 0 2 0/0 15:07 0:10 0:00
Players Stats for Vancouver Canucks
Player Name G A P +/- PIM S H SB GA TA FO MP PP MP PK MP
------------------------------------------------------------------------------------
Adam Boqvist 1 0 1 -2 0 2 2 1 0 0 0/0 24:17 3:11 3:35
Aleksander Barkov 0 0 0 -1 2 5 1 0 2 0 20/30 23:42 3:13 2:43
Alex Formenton 1 1 2 0 0 2 1 1 1 0 0/1 13:38 2:40 5:07
Artturi Lehkonen 0 0 0 0 0 2 0 0 2 0 1/1 15:45 0:17 0:07
Casey Mittelstadt 0 0 0 0 0 1 0 0 0 2 1/6 15:11 0:17 3:54
Clayton Keller 0 0 0 -1 0 4 1 0 0 0 0/0 22:39 3:13 2:21
Jacob Bryson 0 1 1 1 0 1 0 0 0 0 0/0 17:58 0:00 0:24
Jake Bean 0 0 0 0 0 1 0 0 0 0 0/0 11:58 0:00 0:58
Jesperi Kotkaniemi 0 0 0 0 2 1 0 1 0 0 0/0 12:27 0:17 1:32
Kasperi Kapanen 0 1 1 0 0 0 1 0 0 0 0/0 10:07 2:40 0:00
Mikko Rantanen 0 0 0 -2 2 4 2 2 1 0 2/7 24:49 3:13 3:58
Nathan Smith 0 0 0 1 0 1 0 0 0 0 0/1 4:58 0:00 0:00
Nikita Zadorov 0 0 0 -1 0 1 1 2 0 1 0/0 26:16 2:49 3:19
Noah Hanifin 0 0 0 1 2 4 2 3 0 0 0/0 28:05 2:59 5:04
Olli Maatta 0 0 0 -1 0 0 4 1 0 1 0/0 21:31 3:21 6:30
Robby Fabbri 0 0 0 -1 2 6 2 0 0 0 0/0 15:01 0:00 0:08
Sam Lafferty 0 0 0 0 0 0 2 1 0 0 9/21 16:40 2:40 0:00
Taylor Raddysh 0 1 1 1 0 1 0 0 0 0 0/0 4:58 0:00 0:00
3 Stars
1 - Ville Husso (VAN)
2 - Alexis Lafreniere (HFD)
3 - Anton Forsberg (HFD)
Power Play
Hartford Whalers - 0 on 5 Attempt(s) - 0.00%
Vancouver Canucks - 1 on 4 Attempt(s) - 25.00%
Penalty Kill
Hartford Whalers - 3 on 4 Attempt(s) - 75.00%
- Score 0 goal in Penalty Kill
Vancouver Canucks - 5 on 5 Attempt(s) - 100.00%
- Score 0 goal in Penalty Kill
Team Stat
Hartford Whalers - Hits : 25 - Faceoff Wins : 34 - Blocked Shots : 10 - Penalty Minutes : 8
Vancouver Canucks - Hits : 19 - Faceoff Wins : 33 - Blocked Shots : 12 - Penalty Minutes : 10
Official
Referees : Chris Lee and Brian Pochmara
Linesman : Matt MacPherson and Scott Driscoll
Game Notes
Marcus Foligno is injured at 5:44 of 2nd period (Sprained Left Knee)
Finance
Level 1 -- Attendance: 5053 (84.22%) -- Ticket Income $500,247
Level 2 -- Attendance: 3942 (78.84%) -- Ticket Income $232,578
Level 3 -- Attendance: 2566 (85.53%) -- Ticket Income $87,244
Level 4 -- Attendance: 3859 (77.18%) -- Ticket Income $92,616
Luxury Box -- Attendance: 774 (77.40%) -- Ticket Income $154,026
Game was played at the American Airlines Center.
Total Attendance: 16194 (80.97%)
Total Ticket Income: $1,066,711
Other Income: $373,349
Total Income: $1,440,060
Hartford Whalers
5 vs 5 Forward
Center Left Wing Right Wing Time % Phy DF OF
1 Joshua Norris Taylor Hall Marcus Foligno 30 1 2 2
2 Alexander Wennberg Josh Anderson Michael Raffl 30 1 2 2
3 Casey Cizikas Alexis Lafreniere Paul Byron 25 1 2 2
4 Eetu Luostarinen Brett Howden Kevin Labanc 15 1 2 2
5 vs 5 Defense
Defense Defense Time % Phy DF OF
1 Jaccob Slavin Thomas Chabot 35 1 2 2
2 Torey Krug Alec Martinez 35 1 2 2
3 Trevor van Riemsdyk Haydn Fleury 30 1 2 2
4 Jaccob Slavin Thomas Chabot 0 1 2 2
PowerPlay Forward
Center Left Wing Right Wing Time % Phy DF OF
1 Joshua Norris Taylor Hall Marcus Foligno 50 1 2 2
2 Alexander Wennberg Josh Anderson Michael Raffl 50 1 2 2
PowerPlay Defense
Defense Defense Time % Phy DF OF
1 Jaccob Slavin Thomas Chabot 50 1 2 2
2 Torey Krug Alec Martinez 50 1 2 2
Penalty Kill 4 Players Forward
Center Wing Time % Phy DF OF
1 Joshua Norris Taylor Hall 50 1 2 2
2 Marcus Foligno Alexander Wennberg 50 1 2 2
Penalty Kill 4 Players Defense
Defense Defense Time % Phy DF OF
1 Jaccob Slavin Thomas Chabot 50 1 2 2
2 Torey Krug Alec Martinez 50 1 2 2
Penalty Kill - 3 Players Forward
Forward Time % Phy DF OF
1 Joshua Norris 50 1 2 2
2 Taylor Hall 50 1 2 2
Penalty Kill - 3 Players Defense
Defense Defense Time % Phy DF OF
1 Jaccob Slavin Thomas Chabot 50 1 2 2
2 Torey Krug Alec Martinez 50 1 2 2
4 vs 4 Forward
Center Wing Time % Phy DF OF
1 Joshua Norris Taylor Hall 50 1 2 2
2 Marcus Foligno Alexander Wennberg 50 1 2 2
4 vs 4 Defense
Defense Defense Time % Phy DF OF
1 Jaccob Slavin Thomas Chabot 50 1 2 2
2 Torey Krug Alec Martinez 50 1 2 2
Last Minutes Offensive
Center Left Wing Right Wing Defense Defense
Joshua Norris Taylor Hall Marcus Foligno Jaccob Slavin Thomas Chabot
Last Minutes Defensive
Center Left Wing Right Wing Defense Defense
Joshua Norris Taylor Hall Marcus Foligno Jaccob Slavin Thomas Chabot
Goaltenders
Starting : Anton Forsberg
Backup : Logan Thompson
Extra Forwards
Normal : Casey Cizikas, Alexis Lafreniere, Eetu Luostarinen - PP : Casey Cizikas, Alexis Lafreniere - PK : Eetu Luostarinen
Extra Defensemen
Normal : Trevor van Riemsdyk, Haydn Fleury, Torey Krug - PP : Trevor van Riemsdyk - PK : Haydn Fleury, Torey Krug
Penalty Shots
Joshua Norris, Taylor Hall, Marcus Foligno, Alexander Wennberg, Josh Anderson
Vancouver Canucks
5 vs 5 Forward
Center Left Wing Right Wing Time % Phy DF OF
1 Aleksander Barkov Clayton Keller Mikko Rantanen 40 1 2 2
2 Sam Lafferty Robby Fabbri Artturi Lehkonen 30 1 2 2
3 Casey Mittelstadt Jesperi Kotkaniemi Kasperi Kapanen 20 1 2 2
4 Nathan Smith Alex Formenton Taylor Raddysh 10 1 2 2
5 vs 5 Defense
Defense Defense Time % Phy DF OF
1 Jacob Bryson Noah Hanifin 40 1 2 2
2 Nikita Zadorov Adam Boqvist 30 1 2 2
3 Olli Maatta Jake Bean 20 1 2 2
4 Nikita Zadorov Noah Hanifin 10 1 2 2
PowerPlay Forward
Center Left Wing Right Wing Time % Phy DF OF
1 Aleksander Barkov Clayton Keller Mikko Rantanen 60 1 2 2
2 Sam Lafferty Kasperi Kapanen Alex Formenton 40 1 2 2
PowerPlay Defense
Defense Defense Time % Phy DF OF
1 Adam Boqvist Olli Maatta 60 1 2 2
2 Nikita Zadorov Noah Hanifin 40 1 2 2
Penalty Kill 4 Players Forward
Center Wing Time % Phy DF OF
1 Mikko Rantanen Alex Formenton 60 1 2 2
2 Aleksander Barkov Clayton Keller 40 1 2 2
Penalty Kill 4 Players Defense
Defense Defense Time % Phy DF OF
1 Noah Hanifin Olli Maatta 60 1 2 2
2 Adam Boqvist Nikita Zadorov 40 1 2 2
Penalty Kill - 3 Players Forward
Forward Time % Phy DF OF
1 Clayton Keller 60 1 2 2
2 Aleksander Barkov 40 1 2 2
Penalty Kill - 3 Players Defense
Defense Defense Time % Phy DF OF
1 Jacob Bryson Nikita Zadorov 60 1 2 2
2 Noah Hanifin Olli Maatta 40 1 2 2
4 vs 4 Forward
Center Wing Time % Phy DF OF
1 Aleksander Barkov Mikko Rantanen 60 1 2 2
2 Alex Formenton Clayton Keller 40 1 2 2
4 vs 4 Defense
Defense Defense Time % Phy DF OF
1 Nikita Zadorov Noah Hanifin 60 1 2 2
2 Adam Boqvist Olli Maatta 40 1 2 2
Last Minutes Offensive
Center Left Wing Right Wing Defense Defense
Aleksander Barkov Clayton Keller Mikko Rantanen Jacob Bryson Noah Hanifin
Last Minutes Defensive
Center Left Wing Right Wing Defense Defense
Sam Lafferty Alex Formenton Clayton Keller Jacob Bryson Olli Maatta
Goaltenders
Starting : Ville Husso
Backup : Joonas Korpisalo
Extra Forwards
Normal : Aleksander Barkov, Mikko Rantanen, Clayton Keller - PP : Aleksander Barkov, Kasperi Kapanen - PK : Aleksander Barkov
Extra Defensemen
Normal : Nikita Zadorov, Olli Maatta, Noah Hanifin - PP : Nikita Zadorov - PK : Nikita Zadorov, Olli Maatta
Penalty Shots
Aleksander Barkov, Mikko Rantanen, Kasperi Kapanen, Clayton Keller, Alex Formenton
% Time on Ice - Hartford Whalers
Lines # - Real PCT - Wanted PCT - Time Play
Normal Forward
1 - 30% - 30% - 13:22
2 - 27% - 30% - 11:56
3 - 23% - 25% - 9:53
4 - 20% - 15% - 8:44
Normal Defense
1 - 35% - 35% - 15:29
2 - 34% - 35% - 14:45
3 - 31% - 30% - 13:41
4 - 0% - 0% - 0:00
PP Forward
1 - 54% - 50% - 5:19
2 - 46% - 50% - 4:36
PP Defense
1 - 52% - 50% - 5:11
2 - 48% - 50% - 4:44
PK Forward
1 - 45% - 50% - 2:46
2 - 55% - 50% - 3:24
PK Defense
1 - 54% - 50% - 3:18
2 - 46% - 50% - 2:52
PK3 Forward
1 - 0% - 50%
2 - 0% - 50%
PK3 Defense
1 - 0% - 50%
2 - 0% - 50%
44 Forward
1 - 40% - 50% - 2:01
2 - 60% - 50% - 2:59
44 Defense
1 - 58% - 50% - 2:53
2 - 42% - 50% - 2:07
Last Minute Offensive - 0:00
Last Minute Defensive - 0:00
Total
Forward - 65:00
Defense - 65:00
|
% Time on Ice - Vancouver Canucks
Lines # - Real PCT - Wanted PCT - Time Play
Normal Forward
1 - 36% - 40% - 15:55
2 - 35% - 30% - 15:31
3 - 17% - 20% - 7:31
4 - 11% - 10% - 4:58
Normal Defense
1 - 40% - 40% - 17:35
2 - 35% - 30% - 15:15
3 - 21% - 20% - 9:19
4 - 4% - 10% - 1:46
PP Forward
1 - 57% - 60% - 3:30
2 - 43% - 40% - 2:40
PP Defense
1 - 54% - 60% - 3:21
2 - 46% - 40% - 2:49
PK Forward
1 - 80% - 60% - 7:55
2 - 20% - 40% - 2:00
PK Defense
1 - 72% - 60% - 7:10
2 - 28% - 40% - 2:45
PK3 Forward
1 - 0% - 60%
2 - 0% - 40%
PK3 Defense
1 - 0% - 60%
2 - 0% - 40%
44 Forward
1 - 93% - 60% - 4:40
2 - 7% - 40% - 0:20
44 Defense
1 - 58% - 60% - 2:54
2 - 42% - 40% - 2:06
Last Minute Offensive - 0:00
Last Minute Defensive - 0:00
Total
Forward - 65:00
Defense - 65:00
|
Play-by-Play
1st period
0:01 of 1st period - Joshua Norris wins face-off versus Aleksander Barkov in neutral zone.
0:12 of 1st period - Snap shot by Clayton Keller.
0:12 of 1st period - Stopped by Anton Forsberg without a rebound.
0:13 of 1st period - Sam Lafferty wins face-off versus Alexander Wennberg in Hartford Whalers zone.
0:47 of 1st period - Snap shot by Jesperi Kotkaniemi.
0:47 of 1st period - Stopped by Anton Forsberg with a rebound.
2:09 of 1st period - Casey Cizikas is hit by Clayton Keller and loses puck.
2:16 of 1st period - Mikko Rantanen is hit by Trevor van Riemsdyk and loses puck.
2:27 of 1st period - Wrist shot by Aleksander Barkov.
2:27 of 1st period - Shot Misses the Net.
3:10 of 1st period - Snap shot by Joshua Norris.
3:10 of 1st period - Shot Misses the Net.
3:12 of 1st period - Snap shot by Marcus Foligno.
3:12 of 1st period - Shot Blocked by Alex Formenton.
3:14 of 1st period - Slapshot by Jaccob Slavin.
3:14 of 1st period - Stopped by Ville Husso with a rebound.
3:16 of 1st period - Slapshot by Jaccob Slavin.
3:16 of 1st period - Shot Misses the Net.
3:18 of 1st period - Slapshot by Taylor Hall.
3:18 of 1st period - Stopped by Ville Husso with a rebound.
3:58 of 1st period - Minor Penalty to Jesperi Kotkaniemi for Hooking.
3:59 of 1st period - Joshua Norris wins face-off versus Mikko Rantanen in Vancouver Canucks zone.
4:31 of 1st period - Clayton Keller is hit by Michael Raffl and loses puck.
5:18 of 1st period - Olli Maatta is hit by Taylor Hall and loses puck.
5:58 of 1st period - Penalty to Jesperi Kotkaniemi is over, Jesperi Kotkaniemi is back on ice.
6:15 of 1st period - Wrist shot by Robby Fabbri.
6:15 of 1st period - Stopped by Anton Forsberg with a rebound.
6:59 of 1st period - Off-side.
7:00 of 1st period - Sam Lafferty wins face-off versus Paul Byron in neutral zone.
7:33 of 1st period - Slapshot by Robby Fabbri.
7:33 of 1st period - Stopped by Anton Forsberg with a rebound.
7:43 of 1st period - Wrist shot by Joshua Norris.
7:43 of 1st period - Stopped by Ville Husso without a rebound.
7:44 of 1st period - Aleksander Barkov wins face-off versus Alexander Wennberg in Vancouver Canucks zone.
7:44 of 1st period - Aleksander Barkov is hit by Haydn Fleury.
8:43 of 1st period - Snap shot by Alex Formenton.
8:43 of 1st period - Stopped by Anton Forsberg with a rebound.
9:39 of 1st period - Snap shot by Robby Fabbri.
9:39 of 1st period - Stopped by Anton Forsberg with a rebound.
9:41 of 1st period - Slapshot by Jacob Bryson.
9:41 of 1st period - Stopped by Anton Forsberg with a rebound.
9:45 of 1st period - Wrist shot by Robby Fabbri.
9:45 of 1st period - Stopped by Anton Forsberg with a rebound.
9:47 of 1st period - Wrist shot by Noah Hanifin.
9:47 of 1st period - Shot Misses the Net.
10:01 of 1st period - Snap shot by Paul Byron.
10:01 of 1st period - Shot Misses the Net.
10:03 of 1st period - Slapshot by Alec Martinez.
10:03 of 1st period - Deflect By Mikko Rantanen.
10:03 of 1st period - Stopped by Ville Husso without a rebound.
10:04 of 1st period - Casey Cizikas wins face-off versus Aleksander Barkov in Vancouver Canucks zone.
10:13 of 1st period - Snap shot by Clayton Keller.
10:13 of 1st period - Stopped by Anton Forsberg with a rebound.
10:34 of 1st period - Snap shot by Jesperi Kotkaniemi.
10:34 of 1st period - Shot Misses the Net.
10:40 of 1st period - Alexis Lafreniere is hit by Adam Boqvist.
10:54 of 1st period - Adam Boqvist is hit by Alexis Lafreniere and loses puck.
11:09 of 1st period - Olli Maatta is hit by Josh Anderson and loses puck.
11:46 of 1st period - Slapshot by Alexander Wennberg.
11:46 of 1st period - Deflect By Michael Raffl.
11:46 of 1st period - Stopped by Ville Husso without a rebound.
11:47 of 1st period - Aleksander Barkov wins face-off versus Joshua Norris in Vancouver Canucks zone.
11:56 of 1st period - Snap shot by Aleksander Barkov.
11:56 of 1st period - Stopped by Anton Forsberg with a rebound.
11:58 of 1st period - Slapshot by Mikko Rantanen.
11:58 of 1st period - Stopped by Anton Forsberg without a rebound.
11:59 of 1st period - Aleksander Barkov wins face-off versus Joshua Norris in Hartford Whalers zone.
12:26 of 1st period - Slapshot by Kevin Labanc.
12:26 of 1st period - Shot Blocked by Sam Lafferty.
12:46 of 1st period - Snap shot by Paul Byron.
12:46 of 1st period - Shot Misses the Net.
12:48 of 1st period - Snap shot by Paul Byron.
12:48 of 1st period - Deflect By Alexis Lafreniere.
12:48 of 1st period - Shot Blocked by Noah Hanifin.
12:48 of 1st period - Puck is out of play.
12:49 of 1st period - Aleksander Barkov wins face-off versus Casey Cizikas in Vancouver Canucks zone.
13:19 of 1st period - Marcus Foligno is hit by Kasperi Kapanen and loses puck.
13:35 of 1st period - Icing by Alexander Wennberg.
13:36 of 1st period - Alexander Wennberg wins face-off versus Sam Lafferty in Hartford Whalers zone.
13:47 of 1st period - Jaccob Slavin is hit by Sam Lafferty and loses puck.
14:14 of 1st period - Wrist shot by Mikko Rantanen.
14:14 of 1st period - Deflect By Taylor Hall.
14:14 of 1st period - Shot Blocked by Torey Krug.
14:14 of 1st period - Puck is out of play.
14:15 of 1st period - Sam Lafferty wins face-off versus Michael Raffl in Hartford Whalers zone.
14:16 of 1st period - Snap shot by Artturi Lehkonen.
14:16 of 1st period - Stopped by Anton Forsberg without a rebound.
14:17 of 1st period - Sam Lafferty wins face-off versus Alexander Wennberg in Hartford Whalers zone.
14:21 of 1st period - Off-side.
14:22 of 1st period - Alexander Wennberg wins face-off versus Sam Lafferty in neutral zone.
14:31 of 1st period - Sam Lafferty is hit by Michael Raffl and loses puck.
14:48 of 1st period - Slapshot by Mikko Rantanen.
14:48 of 1st period - Shot Misses the Net.
14:50 of 1st period - Wrist shot by Aleksander Barkov.
14:50 of 1st period - Shot Misses the Net.
15:18 of 1st period - Snap shot by Casey Cizikas.
15:18 of 1st period - Stopped by Ville Husso with a rebound.
15:32 of 1st period - Snap shot by Alex Formenton.
15:32 of 1st period - Shot Blocked by Alec Martinez.
15:34 of 1st period - Wrist shot by Alex Formenton.
15:34 of 1st period - Goal by Alex Formenton - Hartford Whalers : 0 - Vancouver Canucks : 1.
15:35 of 1st period - Aleksander Barkov wins face-off versus Joshua Norris in neutral zone.
15:38 of 1st period - Snap shot by Clayton Keller.
15:38 of 1st period - Stopped by Anton Forsberg with a rebound.
16:28 of 1st period - Snap shot by Paul Byron.
16:28 of 1st period - Stopped by Ville Husso with a rebound.
16:30 of 1st period - Snap shot by Alexis Lafreniere.
16:30 of 1st period - Stopped by Ville Husso without a rebound.
16:31 of 1st period - Aleksander Barkov wins face-off versus Joshua Norris in Vancouver Canucks zone.
16:37 of 1st period - Off-side.
16:38 of 1st period - Aleksander Barkov wins face-off versus Joshua Norris in neutral zone.
16:38 of 1st period - Aleksander Barkov is hit by Torey Krug.
16:42 of 1st period - Snap shot by Mikko Rantanen.
16:42 of 1st period - Stopped by Anton Forsberg without a rebound.
16:43 of 1st period - Alexander Wennberg wins face-off versus Aleksander Barkov in Hartford Whalers zone.
17:20 of 1st period - Slapshot by Taylor Hall.
17:20 of 1st period - Shot Misses the Net.
17:36 of 1st period - Slapshot by Thomas Chabot.
17:36 of 1st period - Shot Blocked by Noah Hanifin.
17:38 of 1st period - Slapshot by Thomas Chabot.
17:38 of 1st period - Deflect By Kevin Labanc.
17:38 of 1st period - Shot Misses the Net.
17:38 of 1st period - Puck is out of play.
17:39 of 1st period - Aleksander Barkov wins face-off versus Alexander Wennberg in Vancouver Canucks zone.
17:39 of 1st period - Aleksander Barkov is hit by Michael Raffl.
17:48 of 1st period - Minor Penalty to Haydn Fleury for Roughing.
17:49 of 1st period - Aleksander Barkov wins face-off versus Joshua Norris in Hartford Whalers zone.
18:51 of 1st period - Wrist shot by Mikko Rantanen.
18:51 of 1st period - Deflect By Alec Martinez.
18:51 of 1st period - Shot Misses the Net.
18:51 of 1st period - Puck is out of play.
18:52 of 1st period - Joshua Norris wins face-off versus Sam Lafferty in Hartford Whalers zone.
19:45 of 1st period - Torey Krug is hit by Olli Maatta and loses puck.
19:48 of 1st period - Penalty to Haydn Fleury is over, Haydn Fleury is back on ice.
19:52 of 1st period - Wrist shot by Alexander Wennberg.
19:52 of 1st period - Shot Misses the Net.
19:54 of 1st period - Slapshot by Marcus Foligno.
19:54 of 1st period - Stopped by Ville Husso without a rebound.
19:55 of 1st period - Casey Cizikas wins face-off versus Nathan Smith in Vancouver Canucks zone.
19:56 of 1st period - Snap shot by Alexis Lafreniere.
19:56 of 1st period - Stopped by Ville Husso with a rebound.
Goals for this period are 0 for Hartford Whalers vs 1 for Vancouver Canucks.
Shots for this period are 10 for Hartford Whalers vs 15 for Vancouver Canucks.
2nd period
0:01 of 2nd period - Aleksander Barkov wins face-off versus Joshua Norris in neutral zone.
0:16 of 2nd period - Snap shot by Aleksander Barkov.
0:16 of 2nd period - Stopped by Anton Forsberg without a rebound.
0:17 of 2nd period - Alexander Wennberg wins face-off versus Sam Lafferty in Hartford Whalers zone.
0:53 of 2nd period - Wrist shot by Robby Fabbri.
0:53 of 2nd period - Stopped by Anton Forsberg without a rebound.
0:54 of 2nd period - Aleksander Barkov wins face-off versus Joshua Norris in Hartford Whalers zone.
1:03 of 2nd period - Snap shot by Taylor Hall.
1:03 of 2nd period - Stopped by Ville Husso with a rebound.
1:05 of 2nd period - Snap shot by Taylor Hall.
1:05 of 2nd period - Deflect By Adam Boqvist.
1:05 of 2nd period - Shot Misses the Net.
1:05 of 2nd period - Puck is out of play.
1:06 of 2nd period - Aleksander Barkov wins face-off versus Alexander Wennberg in Vancouver Canucks zone.
1:38 of 2nd period - Wrist shot by Joshua Norris.
1:38 of 2nd period - Stopped by Ville Husso with a rebound.
2:06 of 2nd period - Minor Penalty to Casey Cizikas for Tripping.
2:07 of 2nd period - Joshua Norris wins face-off versus Mikko Rantanen in Hartford Whalers zone.
2:42 of 2nd period - Alec Martinez is hit by Sam Lafferty and loses puck.
4:06 of 2nd period - Penalty to Casey Cizikas is over, Casey Cizikas is back on ice.
4:07 of 2nd period - Wrist shot by Jesperi Kotkaniemi.
4:07 of 2nd period - Shot Misses the Net.
4:09 of 2nd period - Snap shot by Noah Hanifin.
4:09 of 2nd period - Stopped by Anton Forsberg with a rebound.
4:11 of 2nd period - Slapshot by Artturi Lehkonen.
4:11 of 2nd period - Shot Misses the Net.
4:13 of 2nd period - Slapshot by Nikita Zadorov.
4:13 of 2nd period - Stopped by Anton Forsberg without a rebound.
4:14 of 2nd period - Casey Cizikas wins face-off versus Casey Mittelstadt in Hartford Whalers zone.
4:33 of 2nd period - Wrist shot by Casey Mittelstadt.
4:33 of 2nd period - Shot Misses the Net.
4:39 of 2nd period - Snap shot by Casey Mittelstadt.
4:39 of 2nd period - Shot Blocked by Trevor van Riemsdyk.
5:02 of 2nd period - Alexander Wennberg is hit by Adam Boqvist and loses puck.
5:39 of 2nd period - Off-side.
5:40 of 2nd period - Artturi Lehkonen wins face-off versus Joshua Norris in neutral zone.
5:43 of 2nd period - Marcus Foligno is hit by Robby Fabbri and loses puck.
5:44 of 2nd period - Marcus Foligno from Hartford Whalers is injured at 5:44 of 2nd period (Sprained Left Knee).
5:45 of 2nd period - Aleksander Barkov wins face-off versus Alexander Wennberg in Hartford Whalers zone.
7:14 of 2nd period - Clayton Keller is hit by Michael Raffl.
7:18 of 2nd period - Wrist shot by Alexander Wennberg.
7:18 of 2nd period - Stopped by Ville Husso with a rebound.
7:28 of 2nd period - Robby Fabbri is hit by Joshua Norris and loses puck.
7:34 of 2nd period - Off-side.
7:35 of 2nd period - Casey Cizikas wins face-off versus Mikko Rantanen in neutral zone.
8:01 of 2nd period - Slapshot by Josh Anderson.
8:01 of 2nd period - Shot Misses the Net.
8:03 of 2nd period - Snap shot by Haydn Fleury.
8:03 of 2nd period - Stopped by Ville Husso without a rebound.
8:04 of 2nd period - Alexander Wennberg wins face-off versus Sam Lafferty in Vancouver Canucks zone.
8:04 of 2nd period - Torey Krug is hit by Olli Maatta and loses puck.
8:07 of 2nd period - Minor Penalty to Robby Fabbri for Interference.
8:08 of 2nd period - Mikko Rantanen wins face-off versus Joshua Norris in Vancouver Canucks zone.
8:24 of 2nd period - Wrist shot by Casey Cizikas.
8:24 of 2nd period - Shot Misses the Net.
8:34 of 2nd period - Olli Maatta is hit by Alexander Wennberg and loses puck.
8:59 of 2nd period - Snap shot by Clayton Keller.
8:59 of 2nd period - Stopped by Anton Forsberg without a rebound.
9:00 of 2nd period - Aleksander Barkov wins face-off versus Joshua Norris in Hartford Whalers zone.
9:11 of 2nd period - Alex Formenton is hit by Alexis Lafreniere and loses puck.
9:41 of 2nd period - Torey Krug is hit by Olli Maatta and loses puck.
10:07 of 2nd period - Penalty to Robby Fabbri is over, Robby Fabbri is back on ice.
10:19 of 2nd period - Wrist shot by Brett Howden.
10:19 of 2nd period - Goal by Brett Howden - Hartford Whalers : 1 - Vancouver Canucks : 1.
10:20 of 2nd period - Joshua Norris wins face-off versus Sam Lafferty in neutral zone.
10:32 of 2nd period - Slapshot by Robby Fabbri.
10:32 of 2nd period - Shot Misses the Net.
10:34 of 2nd period - Slapshot by Noah Hanifin.
10:34 of 2nd period - Stopped by Anton Forsberg with a rebound.
10:36 of 2nd period - Snap shot by Robby Fabbri.
10:36 of 2nd period - Shot Blocked by Thomas Chabot.
10:46 of 2nd period - Noah Hanifin is hit by Josh Anderson and loses puck.
11:10 of 2nd period - Snap shot by Jaccob Slavin.
11:10 of 2nd period - Deflect By Brett Howden.
11:10 of 2nd period - Shot Blocked by Olli Maatta.
11:10 of 2nd period - Puck is out of play.
11:11 of 2nd period - Eetu Luostarinen wins face-off versus Sam Lafferty in Vancouver Canucks zone.
11:18 of 2nd period - Wrist shot by Kevin Labanc.
11:18 of 2nd period - Shot Misses the Net.
11:20 of 2nd period - Wrist shot by Eetu Luostarinen.
11:20 of 2nd period - Stopped by Ville Husso with a rebound.
11:22 of 2nd period - Snap shot by Brett Howden.
11:22 of 2nd period - Stopped by Ville Husso without a rebound.
11:23 of 2nd period - Casey Cizikas wins face-off versus Aleksander Barkov in Vancouver Canucks zone.
11:28 of 2nd period - Wrist shot by Taylor Hall.
11:28 of 2nd period - Stopped by Ville Husso without a rebound.
11:29 of 2nd period - Joshua Norris wins face-off versus Aleksander Barkov in Vancouver Canucks zone.
11:35 of 2nd period - Icing by Mikko Rantanen.
11:36 of 2nd period - Aleksander Barkov wins face-off versus Alexander Wennberg in Vancouver Canucks zone.
11:36 of 2nd period - Aleksander Barkov is hit by Alexander Wennberg.
12:00 of 2nd period - Adam Boqvist is hit by Haydn Fleury and loses puck.
12:05 of 2nd period - Slapshot by Taylor Hall.
12:05 of 2nd period - Shot Blocked by Mikko Rantanen.
12:07 of 2nd period - Slapshot by Alec Martinez.
12:07 of 2nd period - Shot Misses the Net.
12:09 of 2nd period - Backhand shot by Torey Krug.
12:09 of 2nd period - Shot Blocked by Adam Boqvist.
12:18 of 2nd period - Minor Penalty to Torey Krug for Roughing.
12:19 of 2nd period - Taylor Hall wins face-off versus Sam Lafferty in Hartford Whalers zone.
12:29 of 2nd period - Slapshot by Adam Boqvist.
12:29 of 2nd period - Shot Blocked by Alexander Wennberg.
12:31 of 2nd period - Slapshot by Adam Boqvist.
12:31 of 2nd period - Goal by Adam Boqvist - Hartford Whalers : 1 - Vancouver Canucks : 2.
12:32 of 2nd period - Aleksander Barkov wins face-off versus Alexander Wennberg in neutral zone.
12:38 of 2nd period - Minor Penalty to Mikko Rantanen for Roughing.
12:39 of 2nd period - Aleksander Barkov wins face-off versus Alexander Wennberg in Vancouver Canucks zone.
14:13 of 2nd period - Olli Maatta is hit by Josh Anderson and loses puck.
14:38 of 2nd period - Penalty to Mikko Rantanen is over, Mikko Rantanen is back on ice.
14:38 of 2nd period - Josh Anderson is hit by Mikko Rantanen and loses puck.
14:55 of 2nd period - Snap shot by Brett Howden.
14:55 of 2nd period - Stopped by Ville Husso without a rebound.
14:56 of 2nd period - Sam Lafferty wins face-off versus Eetu Luostarinen in Vancouver Canucks zone.
14:56 of 2nd period - Sam Lafferty is hit by Brett Howden.
15:04 of 2nd period - Snap shot by Artturi Lehkonen.
15:04 of 2nd period - Shot Misses the Net.
15:21 of 2nd period - Wrist shot by Alexis Lafreniere.
15:21 of 2nd period - Goal by Alexis Lafreniere - Hartford Whalers : 2 - Vancouver Canucks : 2.
15:22 of 2nd period - Joshua Norris wins face-off versus Aleksander Barkov in neutral zone.
15:48 of 2nd period - Jacob Bryson is hit by Thomas Chabot.
16:15 of 2nd period - Snap shot by Aleksander Barkov.
16:15 of 2nd period - Deflect By Mikko Rantanen.
16:15 of 2nd period - Stopped by Anton Forsberg without a rebound.
16:16 of 2nd period - Sam Lafferty wins face-off versus Alexander Wennberg in Hartford Whalers zone.
17:11 of 2nd period - Wrist shot by Taylor Raddysh.
17:11 of 2nd period - Stopped by Anton Forsberg with a rebound.
17:42 of 2nd period - Wrist shot by Casey Mittelstadt.
17:42 of 2nd period - Stopped by Anton Forsberg without a rebound.
17:43 of 2nd period - Taylor Hall wins face-off versus Casey Mittelstadt in Hartford Whalers zone.
18:14 of 2nd period - Snap shot by Brett Howden.
18:14 of 2nd period - Shot Misses the Net.
18:16 of 2nd period - Wrist shot by Eetu Luostarinen.
18:16 of 2nd period - Deflect By Kevin Labanc.
18:16 of 2nd period - Stopped by Ville Husso with a rebound.
18:18 of 2nd period - Snap shot by Brett Howden.
18:18 of 2nd period - Stopped by Ville Husso with a rebound.
18:54 of 2nd period - Snap shot by Taylor Hall.
18:54 of 2nd period - Shot Misses the Net.
18:56 of 2nd period - Snap shot by Joshua Norris.
18:56 of 2nd period - Stopped by Ville Husso with a rebound.
18:58 of 2nd period - Snap shot by Casey Cizikas.
18:58 of 2nd period - Stopped by Ville Husso with a rebound.
19:25 of 2nd period - Snap shot by Aleksander Barkov.
19:25 of 2nd period - Shot Misses the Net.
19:27 of 2nd period - Slapshot by Jake Bean.
19:27 of 2nd period - Shot Blocked by Trevor van Riemsdyk.
Goals for this period are 2 for Hartford Whalers vs 1 for Vancouver Canucks.
Shots for this period are 14 for Hartford Whalers vs 10 for Vancouver Canucks.
3rd period
0:01 of 3rd period - Aleksander Barkov wins face-off versus Alexander Wennberg in neutral zone.
0:06 of 3rd period - Snap shot by Aleksander Barkov.
0:06 of 3rd period - Stopped by Anton Forsberg with a rebound.
0:38 of 3rd period - Slapshot by Josh Anderson.
0:38 of 3rd period - Stopped by Ville Husso without a rebound.
0:39 of 3rd period - Sam Lafferty wins face-off versus Casey Cizikas in Vancouver Canucks zone.
0:39 of 3rd period - Sam Lafferty is hit by Casey Cizikas.
1:05 of 3rd period - Taylor Hall is hit by Aleksander Barkov and loses puck.
1:11 of 3rd period - Icing by Eetu Luostarinen.
1:12 of 3rd period - Joshua Norris wins face-off versus Aleksander Barkov in Hartford Whalers zone.
1:29 of 3rd period - Aleksander Barkov is hit by Joshua Norris and loses puck.
2:40 of 3rd period - Snap shot by Taylor Hall.
2:40 of 3rd period - Stopped by Ville Husso with a rebound.
2:42 of 3rd period - Backhand shot by Taylor Hall.
2:42 of 3rd period - Shot Blocked by Nikita Zadorov.
2:44 of 3rd period - Snap shot by Taylor Hall.
2:44 of 3rd period - Deflect By Joshua Norris.
2:44 of 3rd period - Shot Blocked by Mikko Rantanen.
2:44 of 3rd period - Puck is out of play.
2:45 of 3rd period - Casey Cizikas wins face-off versus Sam Lafferty in Vancouver Canucks zone.
2:46 of 3rd period - Snap shot by Paul Byron.
2:46 of 3rd period - Stopped by Ville Husso with a rebound.
2:48 of 3rd period - Minor Penalty to Noah Hanifin for Cross-checking.
2:49 of 3rd period - Casey Mittelstadt wins face-off versus Alexander Wennberg in Vancouver Canucks zone.
3:32 of 3rd period - Alex Formenton is hit by Brett Howden and loses puck.
4:48 of 3rd period - Penalty to Noah Hanifin is over, Noah Hanifin is back on ice.
4:57 of 3rd period - Kevin Labanc is hit by Noah Hanifin and loses puck.
5:07 of 3rd period - Icing by Trevor van Riemsdyk.
5:08 of 3rd period - Eetu Luostarinen wins face-off versus Sam Lafferty in Hartford Whalers zone.
5:53 of 3rd period - Icing by Robby Fabbri.
5:54 of 3rd period - Joshua Norris wins face-off versus Sam Lafferty in Vancouver Canucks zone.
6:19 of 3rd period - Slapshot by Adam Boqvist.
6:19 of 3rd period - Stopped by Anton Forsberg without a rebound.
6:20 of 3rd period - Aleksander Barkov wins face-off versus Alexander Wennberg in Hartford Whalers zone.
6:41 of 3rd period - Minor Penalty to Aleksander Barkov for Hooking.
6:42 of 3rd period - Alexander Wennberg wins face-off versus Mikko Rantanen in Vancouver Canucks zone.
6:43 of 3rd period - Wrist shot by Josh Anderson.
6:43 of 3rd period - Stopped by Ville Husso without a rebound.
6:44 of 3rd period - Mikko Rantanen wins face-off versus Michael Raffl in Vancouver Canucks zone.
6:57 of 3rd period - Snap shot by Torey Krug.
6:57 of 3rd period - Deflect By Mikko Rantanen.
6:57 of 3rd period - Stopped by Ville Husso without a rebound.
6:58 of 3rd period - Joshua Norris wins face-off versus Mikko Rantanen in Vancouver Canucks zone.
7:47 of 3rd period - Adam Boqvist is hit by Joshua Norris and loses puck.
8:41 of 3rd period - Penalty to Aleksander Barkov is over, Aleksander Barkov is back on ice.
8:56 of 3rd period - Slapshot by Noah Hanifin.
8:56 of 3rd period - Stopped by Anton Forsberg with a rebound.
8:58 of 3rd period - Snap shot by Aleksander Barkov.
8:58 of 3rd period - Stopped by Anton Forsberg with a rebound.
9:00 of 3rd period - Wrist shot by Clayton Keller.
9:00 of 3rd period - Shot Misses the Net.
9:05 of 3rd period - Slapshot by Noah Hanifin.
9:05 of 3rd period - Stopped by Anton Forsberg with a rebound.
9:07 of 3rd period - Wrist shot by Aleksander Barkov.
9:07 of 3rd period - Stopped by Anton Forsberg without a rebound.
9:08 of 3rd period - Casey Cizikas wins face-off versus Sam Lafferty in Hartford Whalers zone.
9:23 of 3rd period - Slapshot by Torey Krug.
9:23 of 3rd period - Shot Misses the Net.
9:42 of 3rd period - Wrist shot by Taylor Raddysh.
9:42 of 3rd period - Shot Misses the Net.
9:44 of 3rd period - Slapshot by Taylor Raddysh.
9:44 of 3rd period - Shot Hit the Post.
9:46 of 3rd period - Wrist shot by Nathan Smith.
9:46 of 3rd period - Shot Blocked by Haydn Fleury.
9:56 of 3rd period - Jacob Bryson is hit by Joshua Norris.
10:00 of 3rd period - Taylor Hall is hit by Noah Hanifin and loses puck.
10:31 of 3rd period - Minor Penalty to Haydn Fleury for Hooking.
10:32 of 3rd period - Joshua Norris wins face-off versus Aleksander Barkov in Hartford Whalers zone.
12:29 of 3rd period - Alex Formenton is hit by Alexis Lafreniere and loses puck.
12:31 of 3rd period - Penalty to Haydn Fleury is over, Haydn Fleury is back on ice.
12:46 of 3rd period - Wrist shot by Brett Howden.
12:46 of 3rd period - Stopped by Ville Husso with a rebound.
12:48 of 3rd period - Wrist shot by Alexis Lafreniere.
12:48 of 3rd period - Stopped by Ville Husso with a rebound.
12:50 of 3rd period - Slapshot by Trevor van Riemsdyk.
12:50 of 3rd period - Stopped by Ville Husso without a rebound.
12:51 of 3rd period - Aleksander Barkov wins face-off versus Joshua Norris in Vancouver Canucks zone.
13:41 of 3rd period - Torey Krug is hit by Alex Formenton and loses puck.
13:56 of 3rd period - Snap shot by Paul Byron.
13:56 of 3rd period - Stopped by Ville Husso without a rebound.
13:57 of 3rd period - Sam Lafferty wins face-off versus Casey Cizikas in Vancouver Canucks zone.
14:02 of 3rd period - Backhand shot by Robby Fabbri.
14:02 of 3rd period - Shot Misses the Net.
14:04 of 3rd period - Wrist shot by Sam Lafferty.
14:04 of 3rd period - Shot Misses the Net.
15:13 of 3rd period - Michael Raffl is hit by Robby Fabbri and loses puck.
16:29 of 3rd period - Snap shot by Nathan Smith.
16:29 of 3rd period - Stopped by Anton Forsberg with a rebound.
16:35 of 3rd period - Snap shot by Robby Fabbri.
16:35 of 3rd period - Stopped by Anton Forsberg without a rebound.
16:36 of 3rd period - Sam Lafferty wins face-off versus Casey Cizikas in Hartford Whalers zone.
17:11 of 3rd period - Slapshot by Torey Krug.
17:11 of 3rd period - Deflect By Alexis Lafreniere.
17:11 of 3rd period - Stopped by Ville Husso with a rebound.
17:35 of 3rd period - Slapshot by Jake Bean.
17:35 of 3rd period - Stopped by Anton Forsberg with a rebound.
17:37 of 3rd period - Slapshot by Olli Maatta.
17:37 of 3rd period - Shot Misses the Net.
17:47 of 3rd period - Snap shot by Artturi Lehkonen.
17:47 of 3rd period - Shot Blocked by Alexis Lafreniere.
17:49 of 3rd period - Snap shot by Artturi Lehkonen.
17:49 of 3rd period - Shot Blocked by Torey Krug.
17:51 of 3rd period - Wrist shot by Sam Lafferty.
17:51 of 3rd period - Shot Blocked by Alec Martinez.
17:53 of 3rd period - Slapshot by Jake Bean.
17:53 of 3rd period - Shot Misses the Net.
18:29 of 3rd period - Wrist shot by Artturi Lehkonen.
18:29 of 3rd period - Stopped by Anton Forsberg without a rebound.
18:30 of 3rd period - Eetu Luostarinen wins face-off versus Casey Mittelstadt in Hartford Whalers zone.
19:09 of 3rd period - Wrist shot by Mikko Rantanen.
19:09 of 3rd period - Stopped by Anton Forsberg with a rebound.
19:21 of 3rd period - Slapshot by Jaccob Slavin.
19:21 of 3rd period - Shot Blocked by Nikita Zadorov.
19:24 of 3rd period - Icing by Jesperi Kotkaniemi.
19:25 of 3rd period - Joshua Norris wins face-off versus Casey Mittelstadt in Vancouver Canucks zone.
19:34 of 3rd period - Snap shot by Joshua Norris.
19:34 of 3rd period - Shot Blocked by Jesperi Kotkaniemi.
Goals for this period are 0 for Hartford Whalers vs 0 for Vancouver Canucks.
Shots for this period are 10 for Hartford Whalers vs 11 for Vancouver Canucks.
Overtime #1
0:01 of 1st overtime period - Joshua Norris wins face-off versus Aleksander Barkov in neutral zone.
0:06 of 1st overtime period - Snap shot by Taylor Hall.
0:06 of 1st overtime period - Stopped by Ville Husso without a rebound.
0:07 of 1st overtime period - Joshua Norris wins face-off versus Aleksander Barkov in Vancouver Canucks zone.
0:24 of 1st overtime period - Wrist shot by Mikko Rantanen.
0:24 of 1st overtime period - Shot Misses the Net.
0:30 of 1st overtime period - Wrist shot by Taylor Hall.
0:30 of 1st overtime period - Shot Misses the Net.
1:08 of 1st overtime period - Wrist shot by Taylor Hall.
1:08 of 1st overtime period - Shot Blocked by Noah Hanifin.
1:12 of 1st overtime period - Wrist shot by Joshua Norris.
1:12 of 1st overtime period - Stopped by Ville Husso with a rebound.
1:14 of 1st overtime period - Slapshot by Taylor Hall.
1:14 of 1st overtime period - Shot Misses the Net.
1:16 of 1st overtime period - Snap shot by Joshua Norris.
1:16 of 1st overtime period - Shot Misses the Net.
1:18 of 1st overtime period - Snap shot by Jaccob Slavin.
1:18 of 1st overtime period - Deflect By Taylor Hall.
1:18 of 1st overtime period - Stopped by Ville Husso with a rebound.
1:20 of 1st overtime period - Snap shot by Joshua Norris.
1:20 of 1st overtime period - Stopped by Ville Husso with a rebound.
1:22 of 1st overtime period - Slapshot by Thomas Chabot.
1:22 of 1st overtime period - Deflect By Mikko Rantanen.
1:22 of 1st overtime period - Stopped by Ville Husso without a rebound.
1:23 of 1st overtime period - Casey Cizikas wins face-off versus Alex Formenton in Vancouver Canucks zone.
3:16 of 1st overtime period - Alec Martinez is hit by Olli Maatta and loses puck.
4:15 of 1st overtime period - Alexander Wennberg is hit by Nikita Zadorov and loses puck.
4:25 of 1st overtime period - Icing by Mikko Rantanen.
4:26 of 1st overtime period - Joshua Norris wins face-off versus Casey Mittelstadt in Vancouver Canucks zone.
4:56 of 1st overtime period - Jaccob Slavin is hit by Mikko Rantanen and loses puck.
Goals for this period are 0 for Hartford Whalers vs 0 for Vancouver Canucks.
Shots for this period are 5 for Hartford Whalers vs 0 for Vancouver Canucks.
ShootOut
5:00 of 1st overtime period - Round #1.
5:00 of 1st overtime period - Hartford Whalers, Joshua Norris.
5:00 of 1st overtime period - Snap shot by Joshua Norris.
5:00 of 1st overtime period - Stopped by Ville Husso.
5:00 of 1st overtime period - Vancouver Canucks, Aleksander Barkov.
5:00 of 1st overtime period - Wrist shot by Aleksander Barkov.
5:00 of 1st overtime period - Stopped by Anton Forsberg.
5:00 of 1st overtime period - Round #2.
5:00 of 1st overtime period - Hartford Whalers, Taylor Hall.
5:00 of 1st overtime period - Snap shot by Taylor Hall.
5:00 of 1st overtime period - Shot Misses the Net.
5:00 of 1st overtime period - Vancouver Canucks, Mikko Rantanen.
5:00 of 1st overtime period - Deke by Mikko Rantanen.
5:00 of 1st overtime period - Stopped by Anton Forsberg.
5:00 of 1st overtime period - Round #3.
5:00 of 1st overtime period - Hartford Whalers, Alexander Wennberg.
5:00 of 1st overtime period - Snap shot by Alexander Wennberg.
5:00 of 1st overtime period - Goal by Alexander Wennberg.
5:00 of 1st overtime period - Vancouver Canucks, Kasperi Kapanen.
5:00 of 1st overtime period - Wrist shot by Kasperi Kapanen.
5:00 of 1st overtime period - Stopped by Anton Forsberg.
Back to the Top